 Dungeon Crawl Stone Soup version 0.27-a0-1500-g450c7e4133 (webtiles) character file.

Game seed: 13163932058101783521

11 dickylongcocking the Magician (level 2, -1/22 HPs)
             Began as a Djinni Wanderer on July 8, 2021.
             Slain by a kobold (3 damage)
             ... on level 1 of the Dungeon.
             The game lasted 00:00:55 (1056 turns).

dickylongcocking the Magician (Djinni Wanderer)     Turns: 1056, Time: 00:00:55

Health: -1/22      AC:  3    Str:  9    XL:     2   Next: 40%
Gold:   0          EV: 11    Int: 13    God:
                   SH:  0    Dex: 14

rFire    + + .     SeeInvis .   a - +0 dagger
rCold    x . .     Faith    .   (no shield)
rNeg     . . .     Spirit   .   c - +0 leather armour
rPois    ∞         Reflect  .   (no helmet)
rElec    .         Harm     .   (no cloak)
rCorr    .         Rampage  .   (no gloves)
Will     .....                  (boots unavailable)
Stlth    ++........             (no amulet)
HPRegen  0.07/turn              (no ring)
MPRegen  0.00/turn              (no ring)

@: flying
A: sickness immunity, fire resistance 2, cold vulnerability 1, float, innate
caster, hp casting, extra vitality 1
a: no special abilities


You were on level 1 of the Dungeon.
You visited 1 branch of the dungeon, and saw 1 of its levels.

Inventory:

Hand Weapons
 a - a +0 dagger (weapon)
Missiles
 b - 3 throwing nets (quivered)
Armour
 c - a +0 leather armour (worn)
Scrolls
 d - a scroll of teleportation {unknown}


   Skills:
 * Level 1.6 Fighting
 - Level 1.0 Throwing
 - Level 1.1 Dodging
 - Level 1.5 Stealth
 - Level 2.0 Unarmed Combat
 * Level 2.7 Spellcasting


You couldn't memorise any spells.
You knew the following spells:

 Your Spells              Type           Power      Damage    Failure   Level
a - Sandblast             Erth           16%        2d6       11%         1
b - Call Canine Familiar  Summ           8%         N/A       32%         3
c - Stone Arrow           Conj/Erth      16%        3d8       32%         3
d - Summon Small Mammal   Summ           32%        N/A       11%         1

Your spell library contained the following spells:

 Spells                   Type           Power      Damage    Failure   Level


Dungeon Overview and Level Annotations

Branches:
Dungeon (1/15)

Altars:


Innate Abilities, Weirdness & Mutations

You are immune to sickness and miasma.
You are immune to poison.
Your flesh is very heat resistant. (rF++)
You are vulnerable to cold. (rC-)
You float through the air rather than walking.
You learn spells naturally, not from books.
Your magical power is your life essence.
You have superior vitality. (+4 HP)


Message History

There are monsters nearby!
The quokka misses you. The quokka bites you.
You hit the quokka but do no damage. The quokka closely misses you.
You closely miss the quokka. The quokka barely misses you.
You closely miss the quokka. The quokka barely misses you.
You hit the kobold but do no damage. The quokka closely misses you.
The kobold closely misses you.
You barely miss the quokka. The quokka bites you. The kobold barely misses you.
The quokka misses you.
You hit the kobold but do no damage. The kobold barely misses you.
The quokka barely misses you.
You hit the quokka.
The quokka is severely wounded.
The quokka barely misses you.
The kobold hits you with a +0 short sword.
You miss the quokka.
The quokka is severely wounded.
The quokka bites you. The kobold barely misses you.
You hit the quokka.
The quokka is almost dead.
The quokka closely misses you.
The kobold hits you with a +0 short sword.
You completely miss the quokka.
The quokka is almost dead.
The quokka bites you. The kobold closely misses you.
The quokka barely misses you.
You barely miss the quokka.
The quokka is almost dead.
The kobold closely misses you. The quokka bites you.
You hit the kobold.
The kobold is moderately wounded.
The quokka barely misses you.
The kobold hits you with a +0 short sword.
* * * LOW HITPOINT WARNING * * *
You hit the quokka but do no damage.
The quokka is almost dead.
The quokka bites you.
* * * LOW HITPOINT WARNING * * *
The kobold hits you with a +0 short sword.
You die...

##### ## #...# #.. #
#...# ... #.###...##.#
.......$.. ..
#.....###....
#....Kr...... #....@#
##.#......# #.#.###.##
#.#.. ...# #.#####..#
#### #........#.# #...
#######........#.#####
#..#
#...).'........#.#...#
#.##
#######........#.#.#.#
##.#


You could see a quokka and a kobold.

Vanquished Creatures
  3 endoplasms (D:1)
  A giant cockroach (D:1)
  A goblin (D:1)
  2 hobgoblins (D:1)
  A jackal (D:1)
  A kobold (D:1)
9 creatures vanquished.

Notes
Turn   | Place    | Note
-------+----------+-------------------------------------------
     0 | D:1      | dickylongcocking the Djinni Wanderer began the quest for
                  | the Orb.
     0 | D:1      | Reached XP level 1. HP: 17/17 MP: 0/0
   512 | D:1      | Reached XP level 2. HP: 15/22 MP: 0/0
   660 | D:1      | HP: 1/33 [hobgoblin (4)]
  1056 | D:1      | Slain by a kobold

Illustrated notes

Levels and vault maps discovered:
D:1:      dpeg_arrival_brainrot, layout_basic,
          shapermc_ecumenical_altar_starsandcircs

Action                   || total
-------------------------++-------
Melee: Dagger            ||    51
       Unarmed           ||     4
       Punch             ||     1
 Cast: Summon Small Mamm ||     5
  Use: Potion            ||     1
 Stab: Sleeping          ||     2
       Distracted        ||     1
Armor: Leather armour    ||    10
       Skin              ||     5
Dodge: Dodged            ||    37

Table legend: (Time is in decaauts)
 A = Elapsed time spent in this place.
 B = Non-inter-level travel time spent in this place.
 C = Inter-level travel time spent in this place.
 D = Time resting spent in this place.
 E = Time spent auto-exploring this place.
 F = Levels seen in this place.
 G = Mean time per level.
                   A        B        C        D        E       F      G
               +--------+--------+--------+--------+--------+-----+--------+
         Total |   1054 |   1054 |      0 |    541 |    410 |   1 | 1054.0 |
       Dungeon |   1054 |   1054 |      0 |    541 |    410 |   1 | 1054.0 |
               +--------+--------+--------+--------+--------+-----+--------+

Top non-repeatable levels by time:
     D:1: 1054 daAuts
